 Dungeon Crawl Stone Soup version 0.22.1-1-ga44c0e5 (webtiles) character file.

386 Fang the Skirmisher (level 6, -4/40 HPs)
             Began as a Gargoyle Berserker on Oct 17, 2018.
             Was a Believer of Trog.
             Slain by a gnoll
             ... wielding a +0 halberd
              (8 damage)
             ... on level 4 of the Dungeon.
             The game lasted 00:04:41 (2651 turns).

Fang the Skirmisher (Gargoyle Berserker)            Turns: 2651, Time: 00:04:42

Health: -4/40      AC:  6    Str: 17    XL:     6   Next: 78%
Magic:  6/6        EV: 12    Int:  8    God:    Trog [**....]
Gold:   157        SH:  0    Dex:  9    Spells: 5/5 levels left

rFire    . . .     SeeInvis .   a - +0 hand axe
rCold    . . .     Gourm    .   (no shield)
rNeg     + . .     Faith    .   b - +0 animal skin
rPois    ∞         Spirit   .   (no helmet)
rElec    +         Reflect  .   (no cloak)
rCorr    .         Harm     .   (no gloves)
MR       +....                  (no boots)
Stlth    ++........             (no amulet)
HPRegen  0.13/turn              o - ring of protection from magic
MPRegen  0.10/turn              t - -5 ring of strength (curse)

@: berserk cooldown, slowed, very slow
A: negative energy resistance 1, electricity resistance, unbreathing,
petrification resistance, rot immunity, AC +4
a: Berserk, Trog's Hand, Renounce Religion


You were on level 4 of the Dungeon.
You worshipped Trog.
Trog was pleased with you.
You were hungry.

You visited 1 branch of the dungeon, and saw 4 of its levels.

You collected 157 gold pieces.

Inventory:

Hand Weapons
 a - a +0 hand axe (weapon)
Armour
 b - a +0 animal skin (worn)
Jewellery
 o - a ring of protection from magic (left hand)
 t - a cursed -5 ring of strength (right hand)
Scrolls
 d - 3 scrolls of teleportation {unknown}
 e - a scroll of enchant armour {unknown}
 f - a scroll of fear {unknown}
 h - 4 scrolls of enchant weapon {unknown}
 i - a scroll of blinking {unknown}
 j - 3 scrolls of remove curse {unknown}
 n - 4 scrolls of identify {unknown}
 p - a scroll of random uselessness {unknown}
 r - 2 scrolls of fog {unknown}
 u - a scroll of amnesia {unknown}
Potions
 g - 2 potions of curing {unknown}
 k - a potion of might {unknown}
 l - 4 potions of heal wounds {unknown}
 m - a potion of cancellation {unknown}
 q - a potion of lignification {unknown}
 s - a potion of brilliance {unknown}
Comestibles
 c - 3 rations


   Skills:
 + Level 4.9 Fighting
 + Level 4.7 Axes
 + Level 2.5 Armour
 + Level 3.0 Dodging
 + Level 2.0 Stealth


You had 5 spell levels left.
You didn't know any spells.
Your spell library was empty.

Dungeon Overview and Level Annotations

Branches:
Dungeon (4/15)
 Temple: D:4-7

Altars:
Elyvilon
Fedhas
Qazlal
Wu Jian
Yredelemnul


Innate Abilities, Weirdness & Mutations

You are resistant to torment.
Your stone body is resilient. (AC +4)
You are immune to poison.
You resist negative energy. (rN+)
You are resistant to electric shocks. (rElec)
You can survive without breathing.
You are immune to petrification.
You are immune to rotting.


Message History

You slash the water moccasin skeleton!
The water moccasin skeleton is almost destroyed.
The water moccasin skeleton barely misses you.
You hit the water moccasin skeleton.
You destroy the water moccasin skeleton!
Trog accepts your kill.
Your Dodging skill increases to level 3!
Your Stealth skill increases to level 2!
Found a club.
A gnoll comes into view. It is wielding a halberd.
The gnoll shouts!
A gnoll comes into view. It is wielding a club.
A gnoll is nearby!
A gnoll is nearby!
The gnoll hits you from afar with a halberd.
* * * LOW HITPOINT WARNING * * *
The gnoll misses you. The gnoll barely misses you.
You closely miss the gnoll. The gnoll hits you with a halberd!
You die...

###....# .# ....#...
..?....# ......# #.##...#
....#.###########.##...#
....#.##..........##...#
....#.##..........##...##P.
....#.##..........##.....
......##..........##..#
.......'........@g....#
###...##.........##...#
#...##.........##...#
#...###.###+#####...).
#...# #.# #..#### #...# #.#
.... #...# #.. ....## #...#
#.# ###..# #...# #.#


You could see a gnoll.

Vanquished Creatures
  A scorpion (D:2)
  A water moccasin skeleton (D:4)
  2 hounds (D:3)
  Crazy Yiuf (D:2)
  A bullfrog skeleton (D:4)
  Jessica (D:2)
  An iguana (D:4)
  A hound skeleton (D:2)
  2 gnolls
  An adder (D:2)
  2 oozes
  3 worms
  2 leopard geckos
  4 orcs (D:3)
  4 giant cockroaches
  5 goblins
  8 hobgoblins
  A quokka (D:2)
  5 bats
  4 frilled lizards
  7 kobolds
  12 rats
69 creatures vanquished.

Notes
Turn   | Place    | Note
-------+----------+-------------------------------------------
     0 | D:1      | Fang the Gargoyle Berserker began the quest for the Orb.
     0 | D:1      | Reached XP level 1. HP: 14/14 MP: 1/1
    25 | D:1      | Reached XP level 2. HP: 10/19 MP: 2/2
   459 | D:1      | Reached XP level 3. HP: 17/24 MP: 3/3
  1078 | D:2      | Found a white marble altar of Elyvilon.
  1091 | D:2      | Noticed a scorpion
  1101 | D:2      | Killed a scorpion
  1101 | D:2      | Reached skill level 1 in Stealth
  1101 | D:2      | Reached XP level 4. HP: 22/29 MP: 4/4
  1111 | D:2      | Reached ** piety under Trog
  1166 | D:2      | Noticed Jessica
  1174 | D:2      | Killed Jessica
  1174 | D:2      | Reached XP level 5. HP: 23/34 MP: 5/5
  1224 | D:2      | Found a basalt altar of Yredelemnul.
  1430 | D:2      | Found a runed door.
  1500 | D:2      | Noticed Crazy Yiuf
  1504 | D:2      | Killed Crazy Yiuf
  1735 | D:3      | Found a stormy altar of Qazlal.
  1746 | D:3      | Found a blossoming altar of Fedhas.
  2139 | D:3      | Found an ornate altar of the Wu Jian Council.
  2290 | D:3      | Reached XP level 6. HP: 27/40 MP: 6/6
  2632 | D:4      | HP: 2/40 [water moccasin skeleton (1)]
  2651 | D:4      | Slain by a gnoll

Skill      XL: |  1  2  3  4  5  6 |
---------------+-------------------+-----
Axes           | 3 4 |  4.7
Fighting       | 4 |  4.9
Dodging        | 2 3 |  3.0
Stealth        | 1 2 |  2.0
Armour         | |  2.5

Action                   |  1- 3 |  4- 6 || total
-------------------------+-------+-------++-------
Melee: Hand axe          |    72 |   167 ||   239
Invok: Berserk           |     2 |     3 ||     5
 Stab: Sleeping          |     1 |     1 ||     2
  Eat: Chunk             |     1 |     5 ||     6
       Ration            |       |     1 ||     1
Armor: Animal skin       |    23 |    52 ||    75
Dodge: Dodged            |    52 |   118 ||   170
